 Dungeon Crawl Stone Soup version 0.32-a0-450-g080537f31e (webtiles) character file.

Game seed: 1948651957425931539

298 ezpacito the Trooper (level 6, -2/48 HPs)
             Began as a Demonspawn Chaos Knight on Feb 23, 2024.
             Was a Plaything of Xom.
             Slain by an orc
             ... wielding a +0 club
              (4 damage)
             ... on level 4 of the Dungeon.
             The game lasted 00:03:18 (3043 turns).

ezpacito the Trooper (Demonspawn Chaos Knight)      Turns: 3043, Time: 00:03:19

Health: -2/48      AC:  8    Str: 14    XL:     6   Next: 13%
Magic:  8/9        EV: 12    Int: 18    God:    Xom [*.....]
Gold:   182        SH:  0    Dex: 13    Spells: 9/9 levels left

rFire   . . .        v - +6 whip of Bimpobei {vamp, Int+6}
rCold   . . .        (no shield)
rNeg    . . .        b - +2 leather armour
rPois   .            (helmet restricted)
rElec   .            (no cloak)
rCorr   .            e - +0 pair of gloves
SInv    +            (no boots)
Will    .....        (no amulet)
Stlth   +            (no ring)
HPRegen 0.28/turn    (no ring)
MPRegen 0.11/turn

%: no passive effects
@: brilliant, lethally poisoned (-2 -> -10)
A: yellow scales 1, foul stench 1, weakness stinger 1, antennae 1, hooves 1, see
invisible
a: Renounce Religion


You were on level 4 of the Dungeon.
You worshipped Xom.
You were a special plaything of Xom.
You visited 1 branch of the dungeon, and saw 4 of its levels.

You collected 182 gold pieces.

Inventory:

Hand Weapons
 a - a +0 hand axe of chaos
 s - a +0 war axe
 v - the +6 whip of Bimpobei (weapon) {vamp, Int+6}
   (You found it on level 4 of the Dungeon)

   Int+6:     It affects your intelligence (+6).
 y - a +1 club of chaos
Missiles
 n - 2 atropa-tipped darts (quivered)
 p - 7 poisoned darts
Armour
 b - a +2 leather armour (worn)
 e - a +0 pair of gloves (worn)
 j - a +0 helmet
 l - a +0 scale mail
Magical Staves
 w - a staff of earth
Talismans
 h - a beast talisman
Wands
 f - a wand of charming (8)
Scrolls
 c - 3 scrolls of identify {unknown}
 d - 2 scrolls of enchant weapon {unknown}
 g - a scroll of blinking {unknown}
 i - a scroll of fog {unknown}
 k - a scroll of torment {unknown}
 q - a scroll of brand weapon {unknown}
 r - a scroll of silence {unknown}
 u - a scroll of amnesia {unknown}
 x - a scroll of teleportation {unknown}
Potions
 o - a potion of brilliance
 t - 2 potions of attraction {unknown}


   Skills:
 * Level 4.0 Fighting
 * Level 3.4 Axes
 + Level 0.3(2.1) Polearms
 * Level 2.7 Armour
 * Level 2.1 Dodging
 + Level 1.1 Stealth
 * Level 1.5 Unarmed Combat
 * Level 2.0 Spellcasting
 * Level 0.6 Evocations


You had 9 spell levels left.
You didn't know any spells.
Your spell library contained the following spells:

 Spells                   Type           Power      Damage    Failure   Level
 Foxfire                  Conj/Fire      8%         2x1d4     22%         1
 Kiss of Death            Conj/Necr      8%         2d6       22%         1
 Confusing Touch          Hex            2%         N/A       54%         3
 Dispel Undead            Necr           2%         3d7       91%         4
 Ignite Poison            Fire/Alch      2%         N/A       91%         4
 Vhi's Electric Charge    Tloc/Air       4%         N/A       91%         4


Dungeon Overview and Level Annotations

Branches:
Dungeon (4/15)
 Temple: D:4-7

Altars:
Gozag
Trog
Xom


Innate Abilities, Weirdness & Mutations

You are partially covered in yellow scales. (AC +2)
You may rarely emit foul miasma when damaged in melee.
You have a small tail.
You have a pair of small antennae on your head.
You have large cloven feet.
You have supernaturally acute eyesight. (SInv)


Message History

The killer bee stings you but does no damage.
Your crimson imp blinks!
You closely miss the killer bee. You kick the killer bee.
The killer bee is severely wounded.
You feel sick. The killer bee misses you. The killer bee barely misses you.
The kobold barely misses you. The orc hits you but does no damage.
The killer bee stings you.
You are more poisoned.
The killer bee poisons you!
You emit a cloud of foul miasma!
The killer bee stings you.
You are lethally poisoned!
The killer bee poisons you!
You emit a cloud of foul miasma!
* * * LOW HITPOINT WARNING * * *
You feel very sick.
The killer bee is engulfed in dark miasma.
The killer bee is poisoned.
The killer bee seems to slow down.
The killer bee attacks as it pursues you!
The killer bee barely misses you.
The killer bee is engulfed in dark miasma.
The killer bee is poisoned.
The killer bee seems to slow down.
The killer bee attacks as it pursues you!
The killer bee misses you.
* * * LOW HITPOINT WARNING * * *
You feel very sick.
The killer bee is no longer moving slowly. x2
The killer bee attacks as it pursues you!
The killer bee barely misses you.
The killer bee attacks as it pursues you!
The killer bee stings you.
* * * LOW HITPOINT WARNING * * *
The killer bee barely misses you. The killer bee stings you.
* * * LOW HITPOINT WARNING * * *
Your crimson imp hits the killer bee.
It was a potion of brilliance.
You feel clever all of a sudden.
* * * LOW HITPOINT WARNING * * *
You feel sick.
You kill the killer bee!
The killer bee stings your crimson imp. The orc hits you with a +0 club.
You die...

##.....# #...#
##.....####..##
####...()...###.###
##......).....#....#
#......)###...#...##
#...###..#..#.....#
##..........##....## #
###.<.........#...... #..
#..o@................
.....#..†y................
........K5................
......☼†○#................
##(#.....##...............
# #...... ...............
..........§.............
........~§§..... .......
........~~§~~... ....


You could see a killer bee (distracted, poisoned, ally target), an orc, a kobold
and a friendly crimson imp (summoned).

Vanquished Creatures
  A black bear (D:3)
  2 killer bees (D:4)
  An orc priest (D:4)
  Ijyb (D:3)
  3 gnolls (D:4)
  An adder (D:3)
  A dart slug (D:1)
  2 ribbon worms (D:2)
  6 orcs
  4 ball pythons
  3 endoplasms (D:1)
  4 giant cockroaches
  6 hobgoblins
  2 quokkas
  5 bats
  5 frilled lizards
  7 goblins
  5 kobolds
  6 rats
65 creatures vanquished.

Vanquished Creatures (collateral kills)
  A kobold (D:4)
1 creature vanquished.

Grand Total: 66 creatures vanquished

Notes
Turn   | Place    | Note
-------+----------+-------------------------------------------
     0 | D:1      | ezpacito the Demonspawn Chaos Knight began the quest for
                  | the Orb.
     0 | D:1      | Reached XP level 1. HP: 18/18 MP: 1/1
    68 | D:1      | XOM: silly message
   151 | D:1      | Reached skill level 1 in Dodging
   157 | D:1      | XOM: give mutations
   157 | D:1      | Gained mutation: You have large cloven feet. [Xom's
                  | mischief]
   157 | D:1      | Gained mutation: You expend magic power (3 MP) to
                  | strengthen your wands. [Xom's mischief]
   157 | D:1      | Lost mutation: You expend magic power (3 MP) to strengthen
                  | your wands. [Xom's mischief]
   157 | D:1      | Gained mutation: You have supernaturally acute eyesight.
                  | (SInv) [Xom's mischief]
   182 | D:1      | XOM: stat loss: -1 Dex (11/12)
   188 | D:1      | Got the Commentary on Nebulous Combustion
   235 | D:1      | Gained mutation: You are partially covered in yellow
                  | scales. (AC +2) [demonic ancestry]
   235 | D:1      | Reached XP level 2. HP: 24/24 MP: 2/2
   534 | D:1      | Gained mutation: You may rarely emit foul miasma when
                  | damaged in melee. [demonic ancestry]
   534 | D:1      | Reached XP level 3. HP: 29/29 MP: 4/4
   627 | D:1      | XOM: stat loss: -1 Str (13/14)
  1281 | D:2      | Found a faded altar of an unknown god.
  1426 | D:2      | XOM: give mutations
  1426 | D:2      | Gained mutation: Armour fits poorly on your strangely
                  | shaped body. [Xom's mischief]
  1426 | D:2      | Lost mutation: Armour fits poorly on your strangely shaped
                  | body. [Xom's mischief]
  1426 | D:2      | Gained mutation: You have a pair of small antennae on your
                  | head. [Xom's mischief]
  1638 | D:3      | Found an opulent altar of Gozag.
  1795 | D:3      | Reached skill level 1 in Spellcasting
  1833 | D:3      | Noticed a black bear
  1834 | D:3      | XOM: 1-stop teleportation journey
  1954 | D:3      | XOM: confusion
  1954 | D:3      | XOM: butterfly on damage
  1960 | D:3      | Killed a black bear
  1961 | D:3      | Reached skill level 1 in Unarmed Combat
  1961 | D:3      | Gained mutation: You have a small tail. [demonic ancestry]
  1961 | D:3      | Reached XP level 4. HP: 15/37 MP: 4/6
  1961 | D:3      | Reached XP level 5. HP: 18/42 MP: 4/7
  2231 | D:3      | Found a shimmering altar of Xom.
  2446 | D:3      | Noticed Ijyb
  2467 | D:3      | Killed Ijyb
  2644 | D:3      | Found a bloodstained altar of Trog.
  2874 | D:4      | Identified the +6 whip of Bimpobei {vamp, Int+6}
  2913 | D:4      | Reached skill level 1 in Stealth
  2965 | D:4      | XOM: summons friendly crimson imp
  2967 | D:4      | XOM: chaos upgrade
  3032 | D:4      | Reached skill level 4 in Fighting
  3032 | D:4      | Reached XP level 6. HP: 44/48 MP: 7/9
  3043 | D:4      | HP: 2/48 [poisoned by a killer bee]
  3043 | D:4      | Slain by an orc

Illustrated notes

Levels and vault maps discovered:
D:1:      sevenhm_arrival_forest_fort_large_2, layout_loops_ring,
          patterned_corridor
D:2:      layout_loops_ring, chequers_ecumenical_altar_simple_redux
D:3:      layout_basic, mainiacjoe_overflow_surrounded_room, elyvilon_altar_3,
          mainiacjoe_overflow_alcove_4, mainiacjoe_overflow_cross_hatched,
          kennysheep_minor_cross, uniq_ijyb
D:4:      layout_cave_pools, kennysheep_mini, minmay_temple_entry_mist,
          st_stairs_3

Skill      XL: |  1  2  3  4  5 |
---------------+----------------+-----
Dodging        | 1 2 |  2.1
Armour         | 2 |  2.7
Axes           | 3 |  3.4
Spellcasting   | 1 2 |  2.0
Unarmed Combat | 1 |  1.5
Stealth        | 1 |  1.1
Fighting       | 4 |  4.0
Polearms       | |  0.3
Evocations     | |  0.6

Action                     |  1- 3 |  4- 6 || total
---------------------------+-------+-------++-------
  Melee: Hand axe          |   131 |    30 ||   161
         Kick              |    20 |    18 ||    38
         Whip              |       |    43 ||    43
         Tailslap          |       |     5 ||     5
    Use: Potion            |     3 |     3 ||     6
         Scroll            |     1 |       ||     1
 Armour: Leather armour    |    99 |    84 ||   183
  Dodge: Dodged            |    88 |    97 ||   185

Table legend: (Time is in decaauts)
 A = Elapsed time spent in this place.
 B = Non-inter-level travel time spent in this place.
 C = Inter-level travel time spent in this place.
 D = Time resting spent in this place.
 E = Time spent auto-exploring this place.
 F = Levels seen in this place.
 G = Mean time per level.
                   A        B        C        D        E       F      G
               +--------+--------+--------+--------+--------+-----+--------+
         Total |   3070 |   2909 |    161 |     26 |   2350 |   4 |  767.5 |
       Dungeon |   3070 |   2909 |    161 |     26 |   2350 |   4 |  767.5 |
               +--------+--------+--------+--------+--------+-----+--------+

Top non-repeatable levels by time:
     D:3: 1284 daAuts
     D:1: 958 daAuts
     D:2: 611 daAuts
     D:4: 216 daAuts
